 Dungeon Crawl Stone Soup version 0.25.1-1-g288607f5aa (webtiles) character file.

Game seed: 15444227359812842357

264 Acheron the Vexing (level 6, -1/35 HPs)
             Began as a Tengu Wanderer on July 25, 2020.
             Was an Initiate of Okawaru.
             Killed from afar by an orc wizard (11 damage)
             ... with a puff of flame
             ... on level 3 of the Dungeon.
             The game lasted 00:29:30 (3653 turns).

Acheron the Vexing (Tengu Wanderer)                 Turns: 3653, Time: 00:29:30

Health: -1/35      AC:  3    Str: 15    XL:     6   Next: 19%
Magic:  9/9        EV: 18    Int: 14    God:    Okawaru [......]
Gold:   178        SH:  0    Dex: 11    Spells: 7/8 levels left

rFire    . . .     SeeInvis .   a - +2 spear
rCold    . . .     Gourm    .   (no shield)
rNeg     + . .     Faith    .   b - +0 leather armour
rPois    .         Spirit   .   (helmet restricted)
rElec    .         Reflect  .   (no cloak)
rCorr    .         Harm     .   (no gloves)
MR       .....                  (boots unavailable)
Stlth    ++........             k - amulet of magic regeneration
HPRegen  0.11/turn              l - ring of positive energy
MPRegen  0.36/turn              y - +4 ring of evasion

@: flying quickly and evasively, hasted, very quick
A: beak, talons 3, able to fly
a: Stop Flying, Renounce Religion


You were on level 3 of the Dungeon.
You worshipped Okawaru.
Okawaru was noncommittal.
You were not hungry.

You visited 1 branch of the dungeon, and saw 5 of its levels.

You collected 178 gold pieces.

Inventory:

Hand Weapons
 a - a +2 spear (weapon)
 n - a +1 hunting sling of flaming
 o - a +0 whip of electrocution
 q - a +0 short sword
Missiles
 g - 42 sling bullets
 h - 75 stones
 i - 3 boomerangs
 v - 9 poisoned darts (quivered)
Armour
 b - a +0 leather armour (worn)
 x - a +0 ring mail
Jewellery
 k - an amulet of magic regeneration (around neck)
 l - a ring of positive energy (left hand)
 u - an uncursed ring of wizardry
 y - a +4 ring of evasion (right hand)
 A - a +4 ring of evasion
Wands
 s - a wand of random effects (20)
 z - a wand of paralysis (12)
Scrolls
 e - 3 scrolls of remove curse
 m - 2 scrolls of teleportation
 p - a scroll of amnesia
Potions
 c - a potion of stabbing {unknown}
 f - a potion of brilliance {unknown}
 j - a potion of mutation
 r - a potion of heal wounds {unknown}
 w - 2 potions of curing
 B - a potion of lignification {unknown}
 C - a potion of berserk rage {unknown}
Comestibles
 d - 3 rations


   Skills:
 * Level 2.0 Fighting
 + Level 2.3 Polearms
 - Level 1.2 Throwing
 * Level 2.9 Armour
 * Level 2.1 Dodging
 * Level 2.4 Stealth
 * Level 1.8 Spellcasting
   Level 2.9 Hexes
 + Level 1.3 Transmutations
   Level 1.0 Earth Magic
 * Level 0.7 Invocations
 * Level 0.4 Evocations


You had 7 spell levels left.
You knew the following spells:

 Your Spells              Type           Power        Failure   Level  Hunger
a - Beastly Appendage     Tmut           #.....       17%         1    ##.....

Your spell library contained the following spells:

 Spells                   Type           Power        Failure   Level  Hunger
 Spider Form              Tmut/Pois      #.........   56%         3    ####...


Dungeon Overview and Level Annotations

Branches:
Dungeon (5/15)
 Temple: D:4-7

Altars:
Dithmenos
Okawaru
The Shining One

Annotations:
D:2 exclusion: downstairs
D:3 Natasha


Innate Abilities, Weirdness & Mutations

You have a beak for a mouth.
You have claws for feet.
You can fly continuously.


Message History

* * * LOW HITPOINT WARNING * * *
You see here a scroll of amnesia.
Attack whom?
Press: ? - help, Dir - move target cursor You reach to attack!
You barely miss something.
Attack whom?
Press: ? - help, Dir - move target cursor You reach to attack!
You miss something. Something hits you but does no damage.
You miss something. You peck something. Something barely misses you.
You closely miss something. Something closely misses you.
You miss something. You claw something.
You hear some strange, mumbled words.
A magic dart appears from out of thin air!
The magic dart hits you!
* * * LOW HITPOINT WARNING * * *
You feel better.
You hear some strange, mumbled words.
A puff of flame appears from out of thin air!
The puff of flame hits you!
You die...

.+.......................+.......
.####...##########...<####.......
## ##.## #.#.## ##...... # #.#
#.### ##..... #.# #.### ##...#
#.# #...# ##+## #.# ###.# #.# #.#
#####.#########.# ## #.#
#@{...........#.## .# #.#
#.###)#.#.###....# .#####.# #.#
#.#o# #..... .......# #.# #)#
#.###....# .####### #.# #.#
#......... .# #.# #.. ..###o####
.# #.# ### #.# .# #.# #.# ## ..#


There were no monsters in sight!

Vanquished Creatures
  A scorpion (D:3)
  A bullfrog zombie (D:5)
  2 orc wizards (D:3)
  5 adders
  A shadow imp (D:2)
  2 dart slugs
  3 leopard geckos (D:2)
  4 orcs (D:3)
  5 giant cockroaches
  13 goblins
  7 hobgoblins
  3 jackals (D:1)
  A quokka (D:3)
  A ball python (D:3)
  9 bats
  5 frilled lizards
  10 kobolds
  6 rats
79 creatures vanquished.

Notes
Turn   | Place    | Note
-------+----------+-------------------------------------------
     0 | D:1      | Acheron the Tengu Wanderer began the quest for the Orb.
     0 | D:1      | Acheron set off with the following items: a +2 spear, a +0
                  | robe, a ration; and the following spell memorised: Beastly
                  | Appendage; and the following spells available to memorise:
                  | Spider Form
     0 | D:1      | Reached XP level 1. HP: 12/12 MP: 2/2
   312 | D:1      | Reached XP level 2. HP: 16/16 MP: 1/3
   617 | D:1      | Reached skill level 1 in Dodging
   877 | D:1      | Reached XP level 3. HP: 17/20 MP: 4/4
  1702 | D:2      | Reached skill level 1 in Polearms
  1709 | D:2      | Reached XP level 4. HP: 24/25 MP: 6/6
  1742 | D:2      | Found an iron altar of Okawaru.
  1823 | D:2      | Reached skill level 1 in Spellcasting
  1916 | D:2      | Reached skill level 1 in Transmutations
  1921 | D:2      | Became a worshipper of Warmaster Okawaru
  2380 | D:2      | Found a glowing golden altar of the Shining One.
  2944 | D:3      | Gained mutation: You can fly continuously. [Tengu growth]
  2944 | D:3      | Reached XP level 5. HP: 29/29 MP: 7/7
  3044 | D:3      | Noticed Natasha
  3304 | D:5      | Entered Level 5 of the Dungeon
  3385 | D:5      | Found a shadowy altar of Dithmenos.
  3385 | D:5      | Noticed a phantom
  3619 | D:3      | Reached XP level 6. HP: 26/35 MP: 9/9
  3633 | D:3      | HP: 1/35 [something (6)]
  3653 | D:3      | Killed from afar by an orc wizard

Illustrated notes

Levels and vault maps discovered:
D:1:      dpeg_arrival_central, layout_basic, minmay_misc_feat_tower
D:2:      layout_rooms, kennysheep_okawaru_gauntlet, tso_oasis_becter,
          chequers_serial_rivers_marsh
D:3:      layout_loops_corners, hangedman_glass_teeth, led_sif_book,
          uniq_natasha
D:4:      layout_cave_pools, minmay_temple_entry_slanted
D:5:      layout_loops_ring, first_ration, grunt_dithmenos_shadows

Skill      XL: |  1  2  3  4  5  6 |
---------------+-------------------+-----
Dodging        | 1 2 |  2.1
Polearms       | 1 2 |  2.3
Spellcasting   | 1 |  1.8
Transmutations | 1 |  1.3
Stealth        | 2 |  2.4
Fighting       | 2 |  2.0
Throwing       | |  1.2
Armour         | |  2.9
Hexes          | |  2.9
Earth Magic    | |  1.0
Invocations    | |  0.7
Evocations     | |  0.4

Action                   |  1- 3 |  4- 6 || total
-------------------------+-------+-------++-------
Melee: Spear             |    77 |   123 ||   200
       Kick              |    13 |    15 ||    28
       Peck              |     6 |    12 ||    18
       Headbutt          |     3 |     8 ||    11
Throw: Dart              |       |    16 ||    16
 Cast: Beastly Appendage |    16 |    16 ||    32
 Abil: Fly               |       |     1 ||     1
  Use: Scroll            |     5 |     5 ||    10
       Potion            |       |     3 ||     3
 Stab: Sleeping          |       |     2 ||     2
  Eat: Chunk             |     3 |     6 ||     9
       Ration            |       |     1 ||     1
Armor: Robe              |    19 |    11 ||    30
       Leather armour    |       |     9 ||     9
Dodge: Dodged            |    43 |    81 ||   124
